BSA
PLYMOUTH ROCKS @ NEW YORK KNIGHTS
08/02/2024
 
TOP OF THE 1ST
Plymouth Rocks batting - Pitching for New York Knights : RHP António Sánchez
Pitching: RHP António Sánchez
Batting: RHB António Zúńiga 0-0: Foul Ball, location: 2F
0-1: Ball
1-1: SINGLE (Flyball, 4D)
Batting: RHB Frederico Hernández 0-0: Called Strike
0-1: Grounds into double play, 5-4-3 (Groundball, 5)
Batting: LHB Frank Geddes 0-0: Ball
1-0: Foul Ball, location: 2F
1-1: Called Strike
1-2: Ground out 4-3 (Groundball, 4M)
Top of the 1st over - 0 run(s), 1 hit(s), 0 error(s), 0 left on base; Plymouth 0 - New York 0
BOTTOM OF THE 1ST
New York Knights batting - Pitching for Plymouth Rocks : RHP Mario Torres
Pitching: RHP Mario Torres
Batting: RHB Lonnie Anderson 0-0: Called Strike
0-1: Called Strike
0-2: DOUBLE (Line Drive, 9LM)
Batting: LHB Nicholas Alston 0-0: Foul Ball, location: 2F
0-1: Ball
1-1: Foul Ball, location: 2F
1-2: Strikes out looking
Batting: LHB Troy Donaldson 0-0: Foul Ball, location: 2F
0-1: Ball
1-1: Swinging Strike
1-2: Foul Ball, location: 2F
1-2: Ball
2-2: Strikes out swinging
Batting: SHB Marvin Harris 0-0: Ball
1-0: Fly out, F7 (Line Drive, 5D)
Bottom of the 1st over - 0 run(s), 1 hit(s), 0 error(s), 1 left on base; Plymouth 0 - New York 0
TOP OF THE 2ND
Plymouth Rocks batting - Pitching for New York Knights : RHP António Sánchez
Batting: RHB Kelly Owens 0-0: Called Strike
0-1: Foul Ball, location: 2F
0-2: Ball
1-2: Ball
2-2: Ball
3-2: Foul Ball, location: 2F
3-2: SINGLE (Line Drive, 6)
Batting: RHB Jack Ray 0-0: Called Strike
0-1: Called Strike
Kelly Owens is caught stealing 2nd base
0-2: Ball
1-2: Fly out, F4 (Popup, 4D)
Batting: RHB Dexter Potter 0-0: Foul Ball, location: 2F
0-1: Ball
1-1: SINGLE (Groundball, 56)
Batting: RHB Yoshinori Sasaki 0-0: Swinging Strike
0-1: SINGLE (Groundball, 56D)
Dexter Potter to second
Batting: RHB Alberto Hernández 0-0: Ball
1-0: Foul Ball, location: 2F
1-1: Called Strike
1-2: SINGLE (Groundball, 5D)
Dexter Potter to third
Yoshinori Sasaki to second
Runner from 3rd tries for Home, SAFE, throw made home
Yoshinori Sasaki to third
Alberto Hernández to second
Batting: RHB Ray Yates 0-0: Called Strike
0-1: Ground out 4-3 (Groundball, 4)
Top of the 2nd over - 1 run(s), 4 hit(s), 0 error(s), 2 left on base; Plymouth 1 - New York 0
BOTTOM OF THE 2ND
New York Knights batting - Pitching for Plymouth Rocks : RHP Mario Torres
Batting: RHB Cheng-ho Qiao 0-0: Called Strike
0-1: Ball
1-1: Called Strike
1-2: Foul Ball, location: 2F
1-2: Ball
2-2: Strikes out swinging
Batting: LHB Pedro Fernández 0-0: Called Strike
0-1: Ball
1-1: DOUBLE (Groundball, 3D)
Batting: SHB Domingo Martínez 0-0: Ball
1-0: Foul Ball, location: 2F
1-1: Foul Ball, location: 2F
1-2: Ball
2-2: Foul Ball, location: 2F
2-2: Fly out, F8 (Flyball, 8RD)
Runner from 2nd tags up, SAFE at 3rd with throw
Batting: RHB Jesús Maestas 0-0: Ball
1-0: Ball
2-0: Ball
3-0: Base on Balls
Batting: RHB Keitaro Suzuki 0-0: Ground out 5-3 (Groundball, 5S)
Bottom of the 2nd over - 0 run(s), 1 hit(s), 0 error(s), 2 left on base; Plymouth 1 - New York 0
TOP OF THE 3RD
Plymouth Rocks batting - Pitching for New York Knights : RHP António Sánchez
Batting: RHB António Zúńiga 0-0: Called Strike
0-1: Reached on error, E4 (Groundball, 4)
Batting: RHB Frederico Hernández 0-0: Fly out, F6 (Line Drive, 6M)
Batting: LHB Frank Geddes 0-0: Swinging Strike
0-1: Foul Ball, location: 2F
0-2: Strikes out swinging
Batting: RHB Kelly Owens 0-0: Called Strike
0-1: Ball
1-1: Fly out, F6 (Popup, 5D)
Top of the 3rd over - 0 run(s), 0 hit(s), 1 error(s), 1 left on base; Plymouth 1 - New York 0
BOTTOM OF THE 3RD
New York Knights batting - Pitching for Plymouth Rocks : RHP Mario Torres
Batting: RHB Lonnie Anderson 0-0: Foul Ball, location: 2F
0-1: SINGLE (Groundball, 34)
Batting: LHB Nicholas Alston 0-0: Called Strike
0-1: Ball
1-1: Ball
2-1: Ball
3-1: Base on Balls
Lonnie Anderson to second
Batting: LHB Troy Donaldson 0-0: Called Strike
0-1: Foul Ball, location: 2F
0-2: DOUBLE (Flyball, 89XD)
Lonnie Anderson scores
Nicholas Alston to third
Batting: SHB Marvin Harris 0-0: Ball
1-0: Foul Ball, location: 2F
1-1: Ball
2-1: SINGLE (Groundball, 3D)
Nicholas Alston scores
Troy Donaldson to third
Batting: RHB Cheng-ho Qiao 0-0: Ball
1-0: Fly out, F8 (Flyball, 8LM)
Runner from 3rd tags up, SCORES, no throw
Batting: LHB Pedro Fernández 0-0: Ball
1-0: Ball
2-0: Called Strike
2-1: Ball
3-1: Base on Balls
Marvin Harris to second
Batting: SHB Domingo Martínez 0-0: Ball
1-0: Called Strike
1-1: Called Strike
1-2: Foul Ball, location: 2F
1-2: Foul Ball, location: 2F
1-2: Ball
2-2: Ball
3-2: Fly out, F8 (Flyball, 8RXD)
Runner from 2nd tags up, SAFE at 3rd, no throw
Batting: RHB Jesús Maestas 0-0: Ball
Pedro Fernández steals 2nd base
1-0: Ball
2-0: Ball
3-0: Called Strike
3-1: Base on Balls
Batting: RHB Keitaro Suzuki 0-0: Called Strike
0-1: Ball
1-1: Ball
2-1: Swinging Strike
2-2: Strikes out swinging
Bottom of the 3rd over - 3 run(s), 3 hit(s), 0 error(s), 3 left on base; Plymouth 1 - New York 3
TOP OF THE 4TH
Plymouth Rocks batting - Pitching for New York Knights : RHP António Sánchez
Batting: RHB Jack Ray 0-0: Foul Ball, location: 2F
0-1: Ball
1-1: Fly out, F9 (Flyball, 89D)
Batting: RHB Dexter Potter 0-0: Foul Ball, location: 2F
0-1: Foul Ball, location: 2F
0-2: Foul Ball, location: 2F
0-2: Ground out 6-3 (Groundball, 56)
Batting: RHB Yoshinori Sasaki 0-0: Called Strike
0-1: Ball
1-1: Fly out, F5 (Popup, 25F)
Top of the 4th over - 0 run(s), 0 hit(s), 0 error(s), 0 left on base; Plymouth 1 - New York 3
BOTTOM OF THE 4TH
New York Knights batting - Pitching for Plymouth Rocks : RHP Mario Torres
Batting: RHB Lonnie Anderson 0-0: Called Strike
0-1: Swinging Strike
0-2: Ball
1-2: Ball
2-2: Fly out, F5 (Line Drive, 5)
Batting: LHB Nicholas Alston 0-0: Called Strike
0-1: Called Strike
0-2: Ball
1-2: Foul Ball, location: 2F
1-2: SINGLE (Groundball, 6MD)
Batting: LHB Troy Donaldson 0-0: Ball
1-0: Called Strike
1-1: Ball
2-1: Ball
3-1: Ground out 3-1 (Groundball, 34)
Nicholas Alston to second
Batting: SHB Marvin Harris 0-0: Ball
1-0: Swinging Strike
1-1: Foul Ball, location: 2F
1-2: Foul Ball, location: 2F
1-2: Ball
2-2: Strikes out looking
Bottom of the 4th over - 0 run(s), 1 hit(s), 0 error(s), 1 left on base; Plymouth 1 - New York 3
TOP OF THE 5TH
Plymouth Rocks batting - Pitching for New York Knights : RHP António Sánchez
Batting: RHB Alberto Hernández 0-0: Called Strike
0-1: Ball
1-1: Fly out, F7 (Flyball, 7D)
Batting: RHB Ray Yates 0-0: Foul Ball, location: 2F
0-1: Called Strike
0-2: Ball
1-2: Ball
2-2: Strikes out swinging
Batting: RHB António Zúńiga 0-0: Called Strike
0-1: Ball
1-1: Ball
2-1: Ball
3-1: Foul Ball, location: 2F
3-2: Base on Balls
Batting: RHB Frederico Hernández 0-0: Ball
1-0: Fly out, F7 (Flyball, 78XD)
Top of the 5th over - 0 run(s), 0 hit(s), 0 error(s), 1 left on base; Plymouth 1 - New York 3
BOTTOM OF THE 5TH
New York Knights batting - Pitching for Plymouth Rocks : RHP Mario Torres
Batting: RHB Cheng-ho Qiao 0-0: Foul Ball, location: 2F
0-1: Ball
1-1: Foul Ball, location: 2F
1-2: DOUBLE (Flyball, 89XD)
Batting: LHB Pedro Fernández 0-0: SINGLE (Groundball, 6MD)
Cheng-ho Qiao to third
Batting: SHB Domingo Martínez 0-0: Ball
1-0: Ball
2-0: Ball
3-0: Base on Balls
Pedro Fernández to second
Batting: RHB Jesús Maestas 0-0: Ball
1-0: Ball
2-0: Foul Ball, location: 2F
2-1: SINGLE (Line Drive, 8LS)
Cheng-ho Qiao scores
Pedro Fernández to third
Domingo Martínez to second
Pitching: RHP Dong-hyun Kim
Batting: RHB Keitaro Suzuki 0-0: Ball
1-0: Foul Ball, location: 2F
1-1: Ball
2-1: Foul Ball, location: 2F
2-2: Strikes out swinging
Batting: RHB Lonnie Anderson 0-0: Called Strike
0-1: Ball
1-1: Fielders Choice at 2nd, 6-4 (Groundball, 6)
Pedro Fernández scores
Domingo Martínez to third
Batting: LHB Nicholas Alston 0-0: Called Strike
Lonnie Anderson is caught stealing 2nd base
Bottom of the 5th over - 2 run(s), 3 hit(s), 0 error(s), 0 left on base; Plymouth 1 - New York 5
TOP OF THE 6TH
Plymouth Rocks batting - Pitching for New York Knights : RHP António Sánchez
Batting: LHB Frank Geddes 0-0: Called Strike
0-1: Ball
1-1: Ball
2-1: Ball
3-1: Foul Ball, location: 2F
3-2: Fly out, F8 (Flyball, 8LS)
Batting: RHB Kelly Owens 0-0: Ball
1-0: Ball
2-0: Foul Ball, location: 2F
2-1: Ground out 6-3 (Groundball, 6)
Batting: RHB Jack Ray 0-0: Ground out 6-3 (Groundball, 6)
Top of the 6th over - 0 run(s), 0 hit(s), 0 error(s), 0 left on base; Plymouth 1 - New York 5
BOTTOM OF THE 6TH
New York Knights batting - Pitching for Plymouth Rocks : RHP Dong-hyun Kim
Batting: LHB Nicholas Alston 0-0: Ball
1-0: Swinging Strike
1-1: Fly out, F8 (Flyball, 8LXD)
Batting: LHB Troy Donaldson 0-0: Ball
1-0: Fly out, F3 (Popup, 34S)
Batting: SHB Marvin Harris 0-0: Called Strike
0-1: SINGLE (Groundball, 34D)
Batting: RHB Cheng-ho Qiao 0-0: Ball
1-0: Swinging Strike
1-1: Ball
2-1: Ball
3-1: Called Strike
3-2: Strikes out swinging
Bottom of the 6th over - 0 run(s), 1 hit(s), 0 error(s), 1 left on base; Plymouth 1 - New York 5
TOP OF THE 7TH
Plymouth Rocks batting - Pitching for New York Knights : RHP António Sánchez
Batting: RHB Dexter Potter 0-0: Swinging Strike
0-1: Ball
1-1: Ground out 6-3 (Groundball, 6M)
Batting: RHB Yoshinori Sasaki 0-0: Ground out 5-3 (Groundball, 5S)
Batting: RHB Alberto Hernández 0-0: Called Strike
0-1: SINGLE (Line Drive, 7S)
Batting: RHB Ray Yates 0-0: Ball
1-0: Foul Ball, location: 2F
1-1: Ball
2-1: Called Strike
2-2: Strikes out swinging
Top of the 7th over - 0 run(s), 1 hit(s), 0 error(s), 1 left on base; Plymouth 1 - New York 5
BOTTOM OF THE 7TH
New York Knights batting - Pitching for Plymouth Rocks : RHP Dong-hyun Kim
Pitching: RHP Pepe Vázquez
Batting: LHB Pedro Fernández 0-0: Called Strike
0-1: Ball
1-1: Ground out U3 (Groundball, 3L)
Batting: SHB Domingo Martínez 0-0: Called Strike
0-1: Ball
1-1: Ball
2-1: Ball
3-1: Swinging Strike
3-2: Foul Ball, location: 2F
3-2: Strikes out looking
Batting: RHB Jesús Maestas 0-0: Called Strike
0-1: Foul Ball, location: 2F
0-2: Ground out 5-3 (Groundball, 5)
Bottom of the 7th over - 0 run(s), 0 hit(s), 0 error(s), 0 left on base; Plymouth 1 - New York 5
TOP OF THE 8TH
Plymouth Rocks batting - Pitching for New York Knights : RHP António Sánchez
Batting: RHB António Zúńiga 0-0: Called Strike
0-1: Ball
1-1: Swinging Strike
1-2: Strikes out swinging
Batting: RHB Frederico Hernández 0-0: Called Strike
0-1: Ball
1-1: Foul Ball, location: 2F
1-2: Ball
2-2: Ball
3-2: Fly out, F9 (Flyball, 9M)
Batting: LHB Frank Geddes 0-0: Ball
1-0: Called Strike
1-1: Foul Ball, location: 2F
1-2: Foul Ball, location: 2F
1-2: Foul Ball, location: 2F
1-2: Strikes out swinging
Top of the 8th over - 0 run(s), 0 hit(s), 0 error(s), 0 left on base; Plymouth 1 - New York 5
BOTTOM OF THE 8TH
New York Knights batting - Pitching for Plymouth Rocks : RHP Pepe Vázquez
Batting: RHB Keitaro Suzuki 0-0: Ball
1-0: Ball
2-0: Fly out, F6 (Popup, 6D)
Batting: RHB Lonnie Anderson 0-0: Ball
1-0: DOUBLE (Popup, 9LS)
Batting: LHB Nicholas Alston 0-0: Ball
Lonnie Anderson is caught stealing 3rd base
1-0: Called Strike
1-1: Fly out, F7 (Flyball, 7LS)
Bottom of the 8th over - 0 run(s), 1 hit(s), 0 error(s), 0 left on base; Plymouth 1 - New York 5
TOP OF THE 9TH
Plymouth Rocks batting - Pitching for New York Knights : RHP António Sánchez
Batting: RHB Kelly Owens 0-0: Ball
1-0: Swinging Strike
1-1: Fly out, F9 (Flyball, 9M)
Batting: RHB Jack Ray 0-0: Ball
1-0: Foul Ball, location: 2F
1-1: Called Strike
1-2: Foul Ball, location: 2F
1-2: Foul Ball, location: 2F
1-2: Ground out 4-3 (Groundball, 4)
Batting: RHB Dexter Potter 0-0: Foul Ball, location: 2F
0-1: Called Strike
0-2: Ball
1-2: Ball
2-2: Foul Ball, location: 2F
2-2: Foul Ball, location: 2F
2-2: Ground out 5-3 (Groundball, 6)
Top of the 9th over - 0 run(s), 0 hit(s), 0 error(s), 0 left on base; Plymouth 1 - New York 5
This league is powered by Out of the Park Baseball, the baseball management simulation game for PC, Mac and Linux
Saturday, April 9th, 2016 - OOTP Baseball 16.8 Build 38